 Dungeon Crawl Stone Soup version 0.26.1-11-gd32895ea62 (webtiles) character file.

Game seed: 3752890201679554197

13164 dtburroughs the Cleaver (level 11, -6/102 HPs)
             Began as a Minotaur Berserker on July 10, 2021.
             Was a Priest of Trog.
             Mangled by a polar bear (8 damage)
             ... on level 8 of the Dungeon.
             The game lasted 00:29:42 (16343 turns).

dtburroughs the Cleaver (Minotaur Berserker)       Turns: 16343, Time: 00:29:42

Health: -6/102     AC: 13    Str: 23    XL:     11   Next: 72%
Magic:  10/10      EV:  9    Int:  7    God:    Trog [***...]
Gold:   628        SH: 16    Dex:  9    Spells: 10/10 levels left

rFire    + . .     SeeInvis .   H - +1 flail (protect)
rCold    . . .     Faith    .   n - +0 tower shield (curse)
rNeg     . . .     Spirit   .   o - +0 chain mail
rPois    +         Reflect  .   (helmet restricted)
rElec    .         Harm     .   y - +0 cloak
rCorr    .         Rampage  .   (no gloves)
Will     .....                  (no boots)
Stlth    ..........             (no amulet)
HPRegen  0.27/turn              p - ring of poison resistance
MPRegen  0.12/turn              b - ring of protection from fire

@: mighty, berserk cooldown, slowed, very slow
A: retaliatory headbutt, horns 2
a: Renounce Religion, Berserk, Trog's Hand


You were on level 8 of the Dungeon.
You worshipped Trog.
Trog was most pleased with you.
You visited 2 branches of the dungeon, and saw 11 of its levels.
You also visited: Sewer.

You collected 628 gold pieces.

Inventory:

Hand Weapons
 a - a +0 hand axe
 C - a +0 war axe of freezing
 F - a +3 broad axe
 H - a +1 flail of protection (weapon)
Armour
 n - a cursed +0 tower shield (worn)
 o - a +0 chain mail (worn)
 y - a +0 cloak (worn)
 z - a +0 scale mail of poison resistance
Jewellery
 b - a ring of protection from fire (right hand)
 e - an uncursed ring of fire
 p - a ring of poison resistance (left hand)
 A - an uncursed ring of stealth {unknown}
 D - an uncursed amulet of the acrobat {unknown}
 G - an uncursed ring of resist corrosion {unknown}
 J - an uncursed amulet of regeneration {unknown}
Wands
 B - a wand of flame (25)
 E - a wand of polymorph (9)
Scrolls
 c - 4 scrolls of teleportation
 h - 4 scrolls of enchant armour {unknown}
 k - 8 scrolls of identify
 l - 2 scrolls of fog {unknown}
 m - 7 scrolls of remove curse
 q - a scroll of magic mapping {unknown}
 r - a scroll of enchant weapon {unknown}
 t - 2 scrolls of blinking {unknown}
 x - 2 scrolls of fear {unknown}
 I - a scroll of vulnerability {unknown}
Potions
 d - 4 potions of magic
 f - a potion of degeneration {unknown}
 g - 3 potions of flight
 i - 2 potions of lignification {unknown}
 j - 3 potions of attraction
 s - a potion of mutation {unknown}
 u - 2 potions of curing
 v - 2 potions of might
 w - 2 potions of brilliance {unknown}
 K - a potion of cancellation {unknown}


   Skills:
 + Level 11.0 Fighting
 + Level 11.0 Axes
 + Level 10.7 Armour
 + Level 10.0 Dodging
 + Level 8.5 Shields


You had 10 spell levels left.
You didn't know any spells.
Your spell library was empty.

Dungeon Overview and Level Annotations

Branches:
Dungeon (10/15)            Temple (0/1) D:7            Lair (1/6) D:8
  Sewer (visited)
    Orc: D:9-12

Altars:
Cheibriados
Dithmenos
Kikubaaqudgha
Qazlal
Ru
Sif Muna
Uskayaw
Vehumet

Shops:
D:9 *


Innate Abilities, Weirdness & Mutations

You reflexively headbutt those who attack you in melee.
You have a pair of horns on your head.


Message History

Your Dodging skill increases to level 10!
You bludgeon the polar bear!!
The polar bear is severely wounded.
You hit the polar bear but do no damage.
Your headbutt misses the polar bear.
The polar bear is severely wounded.
You block the polar bear's attack. The polar bear barely misses you.
You block the polar bear's attack.
You barely miss the polar bear.
The polar bear is severely wounded.
The polar bear bites you!
* * * LOW HITPOINT WARNING * * *
You block the polar bear's attack. The polar bear completely misses you.
You are too berserk!
You feel a strong urge to attack something.
You are no longer berserk.
You are exhausted.
You feel yourself slow down. The polar bear bites you!
You die...

.............................###.
####...#...#####.............#...
.................^...........#...
.............................#...
.................................
.#+###...........................
...# #...........................
.### #...................####....
## #..........@..........###...
######....####..h..####....###...
..........##.........##..........
###.......#..P........#....###...
#.....##..P...............##...
###.....#.......>...........##...
[................†.)..).....##...
.........##...........#.....##...
..........##.....(.(.##..<.......


You could see a polar bear.

Vanquished Creatures
  2 hydras (D:8)
  A two-headed ogre (D:9)
  A deep elf mage (D:9)
  An elephant (D:8)
  2 black mambas (Lair:1)
  A komodo dragon (Lair:1)
  A troll (D:9)
  Grinder (D:4)
  9 blink frogs
  Prince Ribbit (D:9)
  Sigmund (D:3)
  A basilisk (Lair:1)
  8 yaks
  A wyvern (D:8)
  A water moccasin (Lair:1)
  3 orc warriors
  2 black bears
  An ice beast (D:9)
  A phantom (D:10)
  4 ogres
  3 centaurs
  A big kobold (D:9)
  8 bullfrogs
  3 scorpions
  16 killer bees
  6 howler monkeys
  2 wights (D:8)
  3 jellies
  3 bullfrog zombies
  A quasit (D:7)
  A centaur zombie (D:7)
  2 hounds
  4 orc priests
  15 orc wizards
  2 bullfrog skeletons
  Terence (D:2)
  Natasha (thrice) (D:3)
  5 iguanas
  7 worker ants
  A hound zombie (D:6)
  A mummy (D:7)
  A howler monkey zombie (D:6)
  Robin (D:3)
  A worker ant zombie (D:8)
  12 gnolls
  16 adders
  2 shadow imps
  3 white imps
  4 ufetubi
  2 oozes (D:1)
  2 adder zombies
  An adder skeleton (D:4)
  4 worms
  4 dart slugs
  6 leopard geckos
  43 orcs
  8 giant cockroaches
  10 hobgoblins
  23 jackals
  4 quokkas
  5 ball pythons
  9 bats
  9 frilled lizards
  18 goblins
  21 kobolds
  A leopard gecko skeleton (D:4)
  A quokka skeleton (D:6)
  13 rats
355 creatures vanquished.

Vanquished Creatures (collateral kills)
  A komodo dragon (D:8)
  A blink frog (D:8)
  A vampire (D:10)
  2 basilisks (D:8)
  A water moccasin (D:8)
  A big kobold (D:8)
  2 wights (D:8)
  2 orcs (D:8)
  A kobold (D:8)
12 creatures vanquished.

Vanquished Creatures (others)
  An ufetubus (D:9)
  15 fungi
  35 plants
  3 toadstools (D:6)
54 creatures vanquished.

Grand Total: 421 creatures vanquished

Notes
Turn   | Place    | Note
-------+----------+-------------------------------------------
     0 | D:1      | dtburroughs the Minotaur Berserker began the quest for the
                  | Orb.
     0 | D:1      | Reached XP level 1. HP: 19/19 MP: 0/0
   253 | D:1      | Reached XP level 2. HP: 23/27 MP: 1/1
   664 | D:1      | Reached XP level 3. HP: 21/33 MP: 2/2
  1356 | D:2      | Reached XP level 4. HP: 19/41 MP: 3/3
  1606 | D:2      | Noticed Terence
  1629 | D:2      | Killed Terence
  1936 | D:2      | Reached ** piety under Trog
  2300 | D:2      | Reached XP level 5. HP: 44/47 MP: 4/4
  2572 | D:2      | Found a shadowy altar of Dithmenos.
  2858 | D:2      | Found a shimmering blue altar of Sif Muna.
  2858 | D:2      | Found an ancient bone altar of Kikubaaqudgha.
  3072 | D:3      | Reached skill level 5 in Fighting
  3119 | D:3      | Noticed Natasha
  3123 | D:3      | Killed Natasha
  3124 | D:3      | Reached skill level 5 in Axes
  3139 | D:3      | Noticed Natasha
  3149 | D:3      | Killed Natasha
  3150 | D:3      | Reached XP level 6. HP: 55/56 MP: 5/5
  3152 | D:3      | Reached *** piety under Trog
  3157 | D:3      | Noticed Robin
  3172 | D:3      | Killed Robin
  4004 | D:3      | Noticed Sigmund
  4039 | D:3      | Killed Sigmund
  4040 | D:3      | Reached skill level 5 in Armour
  4315 | D:3      | Noticed Natasha
  4324 | D:3      | Killed Natasha
  4325 | D:3      | Reached XP level 7. HP: 62/62 MP: 6/6
  5293 | D:4      | Noticed Grinder
  5310 | D:4      | Killed Grinder
  5311 | D:4      | Reached skill level 5 in Dodging
  5341 | D:4      | Found a glowing drain.
  5351 | Sewer    | Entered a sewer
  5535 | Sewer    | Reached **** piety under Trog
  6388 | D:4      | Reached XP level 8. HP: 70/71 MP: 7/7
  6651 | D:5      | Entered Level 5 of the Dungeon
  7745 | D:6      | Reached skill level 1 in Shields
  7972 | D:6      | Found a stormy altar of Qazlal.
  8034 | D:6      | Reached ***** piety under Trog
  8835 | D:7      | Reached XP level 9. HP: 75/80 MP: 8/8
  9072 | D:7      | Found a staircase to the Ecumenical Temple.
  9352 | D:7      | Found a snail-covered altar of Cheibriados.
 10185 | D:8      | Found a staircase to the Lair.
 10185 | D:8      | Noticed an elephant
 10199 | D:8      | Killed an elephant
 10228 | D:8      | Reached skill level 5 in Shields
 10247 | D:8      | Reached XP level 10. HP: 57/91 MP: 9/9
 10466 | D:8      | Found a sacrificial altar of Ru.
 10811 | D:9      | Received a gift from Trog
 10894 | D:9      | Found a radiant altar of Vehumet.
 10899 | D:9      | Noticed a two-headed ogre
 10906 | D:9      | Killed a two-headed ogre
 11065 | D:9      | Found a shimmering blue altar of Sif Muna.
 11074 | D:9      | Noticed a deep elf mage
 11086 | D:9      | Killed a deep elf mage
 11431 | D:9      | Noticed Prince Ribbit
 11444 | D:9      | Killed Prince Ribbit
 11586 | D:9      | Found Hociaq's General Store.
 12004 | D:10     | Entered Level 10 of the Dungeon
 12004 | D:10     | Found a hide-covered altar of Uskayaw.
 12741 | D:10     | Reached skill level 10 in Fighting
 12743 | D:10     | Reached skill level 10 in Axes
 13081 | D:10     | Reached XP level 11. HP: 21/99 MP: 10/10
 13874 | Lair:1   | Entered Level 1 of the Lair of Beasts
 13879 | Lair:1   | Noticed a four-headed hydra
 14334 | D:8      | Killed a four-headed hydra
 14335 | D:8      | Reached skill level 10 in Armour
 15864 | Lair:1   | Noticed an eight-headed hydra
 16334 | D:8      | HP: 7/151 [eight-headed hydra (5)]
 16335 | D:8      | Killed an eight-headed hydra
 16336 | D:8      | Reached skill level 10 in Dodging
 16338 | D:8      | HP: 1/153 [polar bear (7)]
 16343 | D:8      | Mangled by a polar bear

Illustrated notes

Levels and vault maps discovered:
D:1:      roderic_crossed_star, layout_loops_ring, patterned_corridor
D:2:      layout_basic, nicolae_dithmenos_shadow_blocks,
          gammafunk_temple_overflow_statue, uniq_terence
D:3:      layout_basic, minmay_starry_boxes, uniq_natasha, uniq_robin,
          uniq_sigmund
D:4:      layout_layer_cave, portal_sewer_entry_d, uniq_grinder
D:5:      layout_basic
D:6:      layout_cave_pools, grunt_qazlal_sundering, serial_bayou_pond_a,
          palyth_stone_intersect, minmay_gold_behind_fungi
D:7:      layout_cave_pools, slow_altar_1, minmay_temple_entry_mist
D:8:      layout_basic, nicolae_ru_path_of_blood, david_lair_generic
D:9:      layout_roguey, old_standard_altar, basic_altar, serial_shops,
          nicolae_shop_stone, uniq_prince_ribbit1
D:10:     layout_irregular_city, enter_bailey_1, basic_altar
Lair:1:   layout_regular_city

Skill      XL: |  1  2  3  4  5  6  7  8  9 10 11 |
---------------+----------------------------------+-----
Fighting       | 4 5 6 7 9 10 11 | 11.0
Axes           | 4 5 6 7 9 10 11 | 11.0
Armour         | 3 4 5 6 7 8 9 10 | 10.7
Dodging        | 3 4 5 6 7 9 10 | 10.0
Shields        | 2 5 7 8 |  8.5

Action                   |  1- 3 |  4- 6 |  7- 9 | 10-12 || total
-------------------------+-------+-------+-------+-------++-------
Melee: Hand axe          |    76 |   199 |   489 |       ||   764
       Headbutt          |    12 |    32 |   103 |    80 ||   227
       War axe           |       |       |    33 |    63 ||    96
       Broad axe         |       |       |       |   331 ||   331
       Flail             |       |       |       |    29 ||    29
Invok: Trog's Hand       |       |     2 |     9 |    11 ||    22
       Berserk           |       |     1 |       |     1 ||     2
       Brothers in Arms  |       |       |     1 |     3 ||     4
  Use: Potion            |       |       |     2 |     4 ||     6
       Scroll            |       |       |     5 |     1 ||     6
Armor: Animal skin       |    12 |     9 |       |       ||    21
       Chain mail        |       |    67 |   263 |   280 ||   610
Dodge: Dodged            |    44 |   108 |   163 |   187 ||   502
Block: Tower shield      |       |       |   260 |   480 ||   740
